 Dungeon Crawl Stone Soup version 0.31-a0-846-gb3bcc0d938 (webtiles) character file.

Game seed: 16759297030525925051

228 lunkers the Insei (level 6, -7/47 HPs)
             Began as a Meteoran Shapeshifter on Oct 3, 2023.
             Mangled by a gnoll
             ... wielding a +0 flail
              (10 damage)
             ... on level 3 of the Dungeon.
             The game lasted 00:01:56 (604 turns).

lunkers the Insei (Meteoran Shapeshifter)            Turns: 604, Time: 00:01:57

Health: -7/47      AC:  6    Str: 15    XL:     6   Next: 48%
Magic:  7/7        EV: 10    Int: 12    God:
Gold:   24         SH:  0    Dex: 16    Spells: 5/5 levels left

rFire   . .          .
                       - Unarmed
rCold   . . .        (no shield)
rNeg    . . .        e - +0 scale mail
rPois   .            (helmet currently unavailable)
rElec   .            (cloak currently unavailable)
rCorr   +            (gloves currently unavailable)
SInv    .            (boots currently unavailable)
Will    .....        (no amulet) Stlth
                     f - ring of resist corrosion
HPRegen 0.27/turn    (no ring)
MPRegen 0.10/turn

%: no passive effects
@: beast-form, glowing
A: beast (slay +2), sense surroundings 1, otherworldly, glowing, explore regen
a: Begin Untransformation


You were on level 3 of the Dungeon.
You were a hulking beast.
You visited 1 branch of the dungeon, and saw 3 of its levels.

You collected 24 gold pieces.

Inventory:

Armour
 a - a +0 animal skin
 e - a +0 scale mail (worn)
Jewellery
 f - a ring of resist corrosion (left hand)
Talismans
 c - a beast talisman (active)
 d - a flux talisman
Potions
 b - a potion of ambrosia {unknown}
 h - a potion of brilliance {unknown}


   Skills:
 - Level 1.1 Fighting
 - Level 2.1 Dodging
 * Level 6.7 Unarmed Combat
 + Level 5.1 Shapeshifting


You had 5 spell levels left.
You didn't know any spells.
Your spell library contained the following spells:

 Spells                   Type           Power      Damage    Failure   Level
 Necrotise                Necr           0%         1d4       80%         1
 Vampiric Draining        Necr           0%         2d6       99%         3
 Agony                    Necr           0%         N/A       100%        5


Dungeon Overview and Level Annotations

Branches:
Dungeon (3/15) Zot: 1203

Altars:
Yredelemnul


Innate Abilities, Weirdness & Mutations

You are a hulking beast.
Your limbs bulge with bestial killing power. (Slay +2)
You passively map a small area around you.
You are easily found by Zot.
You glow in the dark.
You regain HP and MP as you explore.


Message History

You see here a worm corpse.
You hear the slow rusting of a very distant drain.
You see here a worm corpse.
Things that are here:
a +0 dagger; a goblin corpse
There is an open door here.
You open the door.
There is an open door here.
A gnoll comes into view. It is wielding a +0 club.
The gnoll shouts!
A gnoll comes into view. It is wielding a +0 halberd.
A gnoll comes into view. It is wielding a +0 flail.
A gnoll comes into view. It is wielding a +0 club.
Found an escape hatch in the ceiling.
The gnoll shouts! x2
The gnoll hits you with a +0 club.
You punch the gnoll!
The gnoll is severely wounded.
The gnoll hits you with a +0 club.
The gnoll hits you from afar with a +0 halberd!
You hit the gnoll. You punch the gnoll.
You kill the gnoll!
The gnoll hits you with a +0 halberd!
* * * LOW HITPOINT WARNING * * *
The gnoll closely misses you. The gnoll hits you with a +0 flail.
* * * LOW HITPOINT WARNING * * *
Things that are here:
a +0 club; a gnoll corpse You punch the gnoll!
The gnoll is severely wounded.
The gnoll hits you with a +0 club.
* * * LOW HITPOINT WARNING * * *
The gnoll barely misses you. The gnoll hits you with a +0 flail.
* * * LOW HITPOINT WARNING * * *
You hit the gnoll.
You kill the gnoll!
The gnoll hits you with a +0 club.
* * * LOW HITPOINT WARNING * * *
The gnoll hits you with a +0 flail!
You die...

* , * * #.* *## > ..#
...# ...< * #.#+## * **
# ..### #....##
.......###.....## ###
##..#...#.......## ##.#
......g).........####...
.......h.........')†....
,
#...##g#.........####...
, . *####.......## ##.#
* ##.....## ### ##....##
, * ##'#..## * #.##..# ,
#######'## ### *
##...##...##...#


You could see 2 gnolls.

Vanquished Creatures
  Sigmund (D:2)
  2 gnolls (D:3)
  3 adders
  A worm (D:3)
  A dart slug (D:2)
  3 ball pythons
  6 endoplasms
  A giant cockroach (D:2)
  3 goblins
  2 hobgoblins
  A quokka (D:3)
  3 bats
  A frilled lizard (D:3)
  A kobold (D:2)
  A rat (D:2)
30 creatures vanquished.

Notes
Turn   | Place    | Note
-------+----------+-------------------------------------------
     0 | D:1      | lunkers the Meteoran Shapeshifter began the quest for the
                  | Orb.
     0 | D:1      | Reached XP level 1. HP: 16/16 MP: 2/2
   130 | D:1      | Reached XP level 2. HP: 22/23 MP: 3/3
   153 | D:1      | Reached skill level 4 in Unarmed Combat
   240 | D:2      | Found a basalt altar of Yredelemnul.
   248 | D:2      | Reached XP level 3. HP: 28/28 MP: 4/4
   376 | D:2      | Noticed Sigmund
   386 | D:2      | Killed Sigmund
   387 | D:2      | Reached skill level 6 in Unarmed Combat
   387 | D:2      | Reached XP level 4. HP: 35/35 MP: 5/5
   387 | D:2      | Reached XP level 5. HP: 40/40 MP: 6/6
   387 | D:2      | Reached XP level 6. HP: 47/47 MP: 7/7
   513 | D:2      | Reached skill level 5 in Shapeshifting
   604 | D:3      | Mangled by a gnoll

Illustrated notes

Levels and vault maps discovered:
D:1:      dpeg_arrival_court, layout_basic
D:2:      layout_loops_ring, basic_altar, uniq_sigmund
D:3:      layout_loops_corners, grunt_temple_overflow_gold_and_silver,
          grunt_temple_overflow_forces_of_nature, minitemple,
          portal_sewer_entry_e, grunt_ministairs_5, uniq_terence

Skill      XL: |  1  2  3  4  5  6 |
---------------+-------------------+-----
Unarmed Combat | 4 6 |  6.7
Shapeshifting  | 4 5 |  5.1
Fighting       | |  1.1
Dodging        | |  2.1

Action                     |  1- 3 |  4- 6 || total
---------------------------+-------+-------++-------
  Melee: Unarmed           |    45 |    31 ||    76
         Punch             |     1 |     1 ||     2
    Use: Potion            |     1 |       ||     1
         Scroll            |       |     1 ||     1
 Armour: Scale mail        |    34 |    23 ||    57
         Skin              |     4 |       ||     4
  Dodge: Dodged            |    19 |    12 ||    31

Table legend: (Time is in decaauts)
 A = Elapsed time spent in this place.
 B = Non-inter-level travel time spent in this place.
 C = Inter-level travel time spent in this place.
 D = Time resting spent in this place.
 E = Time spent auto-exploring this place.
 F = Levels seen in this place.
 G = Mean time per level.
                   A        B        C        D        E       F      G
               +--------+--------+--------+--------+--------+-----+--------+
         Total |    595 |    595 |      0 |     45 |    358 |   3 |  198.3 |
       Dungeon |    595 |    595 |      0 |     45 |    358 |   3 |  198.3 |
               +--------+--------+--------+--------+--------+-----+--------+

Top non-repeatable levels by time:
     D:2: 366 daAuts
     D:1: 162 daAuts
     D:3: 66 daAuts
